 Dungeon Crawl Stone Soup version 0.28-a0-60-g54b5640690 (webtiles) character file.

Game seed: 2345842016517590032

255 mcsnuffy the Spear-Bearer (level 6, 0/44 HPs)
             Began as a Merfolk Gladiator on July 31, 2021.
             Was an Initiate of Trog.
             Slain by an orc (9 damage)
             ... on level 5 of the Dungeon.
             The game lasted 00:14:35 (4678 turns).

mcsnuffy the Spear-Bearer (Merfolk Gladiator)       Turns: 4678, Time: 00:14:35

Health: 0/44       AC:  5    Str: 16    XL:     6   Next: 15%
Magic:  6/6        EV: 10    Int:  8    God:    Trog [......]
Gold:   234        SH:  8    Dex: 15    Spells: 5/5 levels left

rFire   . . .      SeeInvis .   a - +0 trident
rCold   . . .      Faith    .   i - +0 kite shield
rNeg    . . .      Spirit   .   b - +0 leather armour
rPois   .          Reflect  .   c - +0 helmet
rElec   .          Harm     .   (no cloak)
rCorr   .          Rampage  .   t - +0 pair of gloves
Will    .....                   (no boots)
Stlth   +.........              (no amulet)
HPRegen 0.14/turn               (no ring)
MPRegen 0.10/turn               (no ring)

@: lethally poisoned (0 -> -6), very slightly contaminated, invisible
A: (nimble swimmer 2), mertail
a: Renounce Religion


You were on level 5 of the Dungeon.
You worshipped Trog.
Trog was noncommittal.
You visited 1 branch of the dungeon, and saw 5 of its levels.

You collected 234 gold pieces.


Innate Abilities, Weirdness & Mutations

((You are quick and stealthy near water. (Stealth+, EV+, Speed+++)))
Your lower body shifts to a powerful aquatic tail in water.


   Skills:
 - Level 2.1 Fighting
 + Level 9.3 Polearms
 - Level 2.0 Throwing
 - Level 4.0 Dodging
 + Level 1.4 Shields


You had 5 spell levels left.
You didn't know any spells.
Your spell library contained the following spells:

 Spells                   Type           Power      Damage    Failure   Level
 Animate Skeleton         Necr           0%         N/A       97%         1
 Apportation              Tloc           0%         N/A       97%         1
 Corona                   Hex            0%         N/A       97%         1
 Summon Small Mammal      Summ           0%         N/A       97%         1
 Call Canine Familiar     Summ           0%         N/A       100%        3
 Summon Guardian Golem    Hex/Summ       0%         N/A       100%        3

Inventory:

Hand Weapons
 a - a +0 trident (weapon)
 n - a +0 short sword of draining
Missiles
 d - a throwing net (quivered) {=f}
Armour
 b - a +0 leather armour (worn)
 c - a +0 helmet (worn)
 i - a +0 kite shield (worn)
 t - a +0 pair of gloves (worn)
Wands
 r - a wand of mindburst (13)
Scrolls
 e - 2 scrolls of enchant armour {unknown}
 f - a scroll of torment {unknown}
 g - a scroll of holy word {unknown}
 h - 2 scrolls of magic mapping {unknown}
 k - a scroll of identify {unknown}
 o - 2 scrolls of fear {unknown}
 p - a scroll of blinking {unknown}
 q - a scroll of amnesia {unknown}
Potions
 j - a potion of berserk rage {unknown}
 m - a potion of invisibility
 s - a potion of cancellation {unknown}
 u - a potion of magic {unknown}
 v - a potion of lignification {unknown}

Dungeon Overview and Level Annotations

Branches:
Dungeon (5/15)
 Temple: D:4-7

Altars:
Trog
Yredelemnul
The Shining One

Shops:
D:4 * D:5

: #.#.# #.#o# #..
... ###.o.# #.#
#.# ....#o# #.#
..# ∩....# #.#.#.#
#..o# #.#.#.###
#.#...# #.# ....
#....o######.###{#
#....o........)o@#
#......#####.#####
#......# #...
......## #Z....
......# #.......
......# #.......
##....# #.#####.
..... #.#


You could see an orc.


Message History

Something hits you but does no damage.
You are more poisoned.
The orc hits you with a +0 war axe.
* * * LOW HITPOINT WARNING * * *
It was a potion of invisibility.
You fade into invisibility!
* * * LOW HITPOINT WARNING * * *
You feel extremely sick. You block something's attack.
You block the orc's attack.
You are very lightly contaminated with residual magic.
It was a potion of curing.
You feel better.
You hear some strange, mumbled words.
A magic dart appears from out of thin air!
The magic dart hits you.
* * * LOW HITPOINT WARNING * * *
You block the orc's attack.
You barely miss the orc.
You hear some strange, mumbled words.
You are confused.
The orc barely misses you. Something hits you but does no damage.
You are lethally poisoned!
You feel better. You block the orc's attack.
Something hits you but does no damage.
You are poisoned.
You miss something.
You feel very sick. The orc closely misses you. Something hits you.
* * * LOW HITPOINT WARNING * * *
You closely miss something.
You feel sick. The orc hits you with a +0 war axe!
You die...

Skill      XL: |  1  2  3  4  5 |
---------------+----------------+-----
Polearms       | 5 6 8 9 |  9.3
Shields        | 1 |  1.4
Fighting       | |  2.1
Throwing       | |  2.0
Dodging        | |  4.0

Action                   |  1- 3 |  4- 6 || total
-------------------------+-------+-------++-------
Melee: Trident           |   123 |   201 ||   324
Throw: Throwing net      |       |     2 ||     2
  Use: Potion            |       |     4 ||     4
 Stab: Sleeping          |     3 |     1 ||     4
       Held in net/web   |       |     1 ||     1
Armor: Leather armour    |    29 |    56 ||    85
Dodge: Dodged            |    93 |    89 ||   182
Block: Kite shield       |       |    54 ||    54

Levels and vault maps discovered:
D:1:      dpeg_arrival_stone_temple_mockup, layout_basic
D:2:      cheibrodos_old_hovel, layout_basic, uniq_terence
D:3:      layout_loops_ring, bloody_trog, grunt_temple_overflow_holy_war,
          serial_rivers, chequers_serial_rivers_micro_b,
          chequers_serial_rivers_micro_c, chequers_serial_rivers_room_a,
          chequers_serial_rivers_small_b, ebering_ecumenical_altar_mist,
          minmay_misc_feat_alley, hangedman_decor_peaks_small
D:4:      layout_basic, serial_shops, shop
D:5:      layout_basic, temple_fountains, gup_sewer_entry_spiral, serial_shops,
          shop, grunt_ministairs_14, uniq_blork_the_orc

Notes
Turn   | Place    | Note
-------+----------+-------------------------------------------
     0 | D:1      | mcsnuffy the Merfolk Gladiator began the quest for the Orb.
     0 | D:1      | Reached XP level 1. HP: 16/16 MP: 1/1
   230 | D:1      | Reached skill level 5 in Polearms
   243 | D:1      | Reached XP level 2. HP: 22/22 MP: 2/2
   646 | D:1      | Reached skill level 6 in Polearms
   646 | D:1      | Reached XP level 3. HP: 27/27 MP: 3/3
  1384 | D:2      | Reached XP level 4. HP: 33/33 MP: 4/4
  1387 | D:2      | Reached skill level 7 in Polearms
  2245 | D:2      | Noticed Terence
  2268 | D:2      | HP: 1/33 [Terence (9)]
  2273 | D:2      | Killed Terence
  2478 | D:3      | Reached skill level 8 in Polearms
  2478 | D:3      | Reached XP level 5. HP: 30/38 MP: 5/5
  2578 | D:3      | Found a faded altar of an unknown god.
  2659 | D:3      | HP: 3/38 [gnoll (14)]
  3074 | D:3      | Reached skill level 9 in Polearms
  3120 | D:3      | Found a bloodstained altar of Trog.
  3143 | D:3      | Became a worshipper of Trog the Wrathful
  3631 | D:3      | Found a basalt altar of Yredelemnul.
  3637 | D:3      | Found a glowing golden altar of the Shining One.
  3639 | D:3      | Identified a +2 robe of the Archmagi
  3639 | D:3      | Noticed an angel
  4004 | D:4      | Found Ocoiqyik's Assorted Antiques.
  4052 | D:4      | Reached skill level 1 in Shields
  4052 | D:4      | Reached XP level 6. HP: 35/44 MP: 6/6
  4647 | D:5      | Entered Level 5 of the Dungeon
  4647 | D:5      | Found Heilal's Book Emporium.
  4673 | D:5      | HP: 4/44 [poisoned by an orc wizard]
  4678 | D:5      | Slain by an orc

Vanquished Creatures
  2 jellies
  Terence (D:2)
  4 gnolls
  3 adders
  A dart slug (D:4)
  4 orcs
  5 endoplasms
  6 giant cockroaches
  3 goblins
  11 hobgoblins
  8 jackals
  5 kobolds
  7 quokkas
  9 ball pythons
  13 bats
  2 frilled lizards
  6 rats
90 creatures vanquished.

Vanquished Creatures (others)
  A hobgoblin (D:3)
  5 plants (D:2)
6 creatures vanquished.

Grand Total: 96 creatures vanquished

Table legend: (Time is in decaauts)
 A = Elapsed time spent in this place.
 B = Non-inter-level travel time spent in this place.
 C = Inter-level travel time spent in this place.
 D = Time resting spent in this place.
 E = Time spent auto-exploring this place.
 F = Levels seen in this place.
 G = Mean time per level.
                   A        B        C        D        E       F      G
               +--------+--------+--------+--------+--------+-----+--------+
         Total |   4686 |   4512 |    174 |    717 |   3043 |   5 |  937.2 |
       Dungeon |   4686 |   4512 |    174 |    717 |   3043 |   5 |  937.2 |
               +--------+--------+--------+--------+--------+-----+--------+

Top non-repeatable levels by time:
     D:2: 1677 daAuts
     D:1: 1165 daAuts
     D:3: 1018 daAuts
     D:4: 792 daAuts
     D:5: 32 daAuts

Table legend:
 A = Non-vault XP
 B = Vault XP
 C = Vault XP percentage of total XP
 D = Non-vault monster count
 E = Vault monster count
 F = Vault count percentage of total count
                 A         B        C        D         E       F
            +---------+---------+-------+---------+---------+-------
      Total |     327 |      38 |  10.4 |      88 |       2 |   2.2
            +---------+---------+-------+---------+---------+-------
        D:1 |      52 |       0 |   0.0 |      29 |       0 |   0.0
        D:2 |      99 |      38 |  27.7 |      29 |       2 |   6.5
        D:3 |     114 |       0 |   0.0 |      20 |       0 |   0.0
        D:4 |      53 |       0 |   0.0 |       7 |       0 |   0.0
        D:5 |       9 |       0 |   0.0 |       3 |       0 |   0.0
            +---------+---------+-------+---------+---------+-------
